 Dungeon Crawl Stone Soup version 0.29-a0-371-g91724d5b39 (webtiles) character file.

Game seed: 3098544273313166556

74 jlumianski the Skirmisher (level 4, -6/35 HPs)
             Began as a Demonspawn Fighter on May 2, 2022.
             Was an Initiate of Wu Jian.
             Killed by nerve-wracking pain
             ... invoked by an orc priest
              (7 damage)
             ... on level 2 of the Dungeon.
             The game lasted 00:05:57 (1815 turns).

jlumianski the Skirmisher (Demonspawn Fighter)      Turns: 1815, Time: 00:05:58

Health: -6/35      AC: 18    Str: 18    XL:     4   Next: 10%
Magic:  4/4        EV:  7    Int: 10    God:    Wu Jian [......]
Gold:   149        SH:  5    Dex: 18    Spells: 3/3 levels left

rFire   . . .      SeeInvis .   a - +0 war axe
rCold   . . .      Faith    .   c - +0 buckler
rNeg    . . .      Spirit   .   i - +0 chain mail
rPois   .          Reflect  .   h - +1 helmet
rElec   .          Harm     .   q - +0 cloak
rCorr   .          Rampage  .   (no gloves)
Will    .....                   (no boots)
Stlth   ..........              (no amulet)
HPRegen 0.11/turn               l - +6 ring of dexterity
MPRegen 0.09/turn               (no ring)

@: sanguine armoured
A: ignite blood 1, sanguine armour 1
a: Renounce Religion


You were on level 2 of the Dungeon.
You worshipped Wu Jian.
Wu Jian was noncommittal.
You visited 1 branch of the dungeon, and saw 3 of its levels.

You collected 149 gold pieces.

Inventory:

Hand Weapons
 a - a +0 war axe (weapon)
Missiles
 e - 62 stones (quivered)
 s - 6 silver boomerangs
Armour
 b - a +0 scale mail
 c - a +0 buckler (worn)
 h - a +1 helmet (worn)
 i - a +0 chain mail (worn)
 q - a +0 cloak (worn)
Magical Staves
 m - a staff of conjuration
 n - a staff of cold
Jewellery
 l - a +6 ring of dexterity (left hand)
Scrolls
 k - 2 scrolls of fog {unknown}
 p - a scroll of vulnerability {unknown}
 t - a scroll of blinking {unknown}
 u - a scroll of magic mapping {unknown}
Potions
 d - 2 potions of might
 f - a potion of resistance
 g - 2 potions of heal wounds
 j - a potion of brilliance
 o - a potion of haste {unknown}
 r - a potion of curing {unknown}


   Skills:
 + Level 3.3 Fighting
 + Level 2.5 Axes
 + Level 3.2 Armour
 + Level 0.6 Dodging
 + Level 0.2 Stealth
 + Level 3.1 Shields


You had 3 spell levels left.
You didn't know any spells.
Your spell library was empty.

Dungeon Overview and Level Annotations

Branches:
Dungeon (3/15)

Altars:
Wu Jian


Innate Abilities, Weirdness & Mutations

Your demonic aura sometimes causes spilled blood to erupt in flames.
When seriously injured, your blood forms armour. (AC +6)


Message History

The orc wizard points at you and mumbles some strange words.
You resist with some effort.
There is a stone staircase leading up here.
The orc priest calls down the wrath of Beogh upon you.
Beogh smites you!
Your blood congeals into armour.
The orc wizard casts a spell.
The orc wizard flickers and vanishes!
Deactivating autopickup; reactivate with Ctrl-A.
The orc barely misses you.
The endoplasm quivers.
You climb upwards.
Reactivating autopickup.
There is a stone staircase leading down here.
You hit the orc priest.
The orc priest is lightly wounded.
You hit the orc. The orc priest barely misses you.
The orc is engulfed in blazing flames.
You kill the orc!
The Council accepts your kill.
The orc priest looks braver for a moment.
You slash the orc priest!
The orc priest is severely wounded.
You block the orc priest's attack.
You closely miss the orc priest.
The orc priest is severely wounded.
The orc priest closely misses you.
You barely miss the orc priest.
The orc priest is severely wounded.
The orc priest mumbles some strange prayers to Beogh against you.
Beogh smites you!
* * * LOW HITPOINT WARNING * * *
The orc priest hits you but does no damage.
You closely miss the orc priest.
The orc priest is severely wounded.
The orc priest looks braver for a moment.
You barely miss the orc priest.
The orc priest is severely wounded.
The orc priest calls down the wrath of Beogh upon you.
Pain shoots through your body!
You die...

....................##..........#
.......#<.........####..........#
....####.##......).#######.##.###
....##...#............####....#
.......##....##..####....#....#
..................###.........###
.).................#####........#
......##.........................
................@o..######.......
...#..........<)....# #...##.#
.....##.##.........## #.......
...####...........########.......
...#########.<.##................
....††....####.##############....
#..######.........#### #....
.....#########.##....## #....
.........#####.#####..##### #....


You could see an orc priest.

Vanquished Creatures
  2 gnolls (D:1)
  An adder (D:2)
  2 dart slugs
  2 orcs
  3 endoplasms (D:1)
  2 giant cockroaches (D:1)
  2 goblins
  3 hobgoblins
  4 kobolds
  2 quokkas
  8 ball pythons
  4 bats
  3 frilled lizards
  5 rats
43 creatures vanquished.

Vanquished Creatures (others)
  12 plants (D:3)
12 creatures vanquished.

Grand Total: 55 creatures vanquished

Notes
Turn   | Place    | Note
-------+----------+-------------------------------------------
     0 | D:1      | jlumianski the Demonspawn Fighter began the quest for the
                  | Orb.
     0 | D:1      | Reached XP level 1. HP: 18/18 MP: 1/1
   242 | D:1      | Gained mutation: Your demonic aura sometimes causes spilled
                  | blood to erupt in flames. [demonic ancestry]
   242 | D:1      | Reached XP level 2. HP: 24/24 MP: 2/2
   737 | D:1      | Found a faded altar of an unknown god.
   741 | D:1      | Noticed an eye of devastation
   741 | D:1      | Noticed a floating eye
   742 | D:1      | Noticed a great orb of eyes
   742 | D:1      | Noticed a shining eye
   775 | D:1      | Reached XP level 3. HP: 18/29 MP: 3/3
  1276 | D:2      | Found an ornate altar of the Wu Jian Council.
  1298 | D:2      | Became a worshipper of the Wu Jian Council
  1737 | D:3      | Gained mutation: When seriously injured, your blood forms
                  | armour. (AC +6) [demonic ancestry]
  1737 | D:3      | Reached XP level 4. HP: 35/35 MP: 4/4
  1813 | D:2      | HP: 1/35 [orc priest/divine providence (15)]
  1815 | D:2      | Killed from afar by an orc priest

Illustrated notes

Levels and vault maps discovered:
D:1:      minmay_arrival_radiant_lines, layout_loops_ring,
          hellmonk_ecumenical_altar_watching_god
D:2:      layout_rooms, basic_altar, lemuel_another_geyser
D:3:      wad_lake_hut, layout_basic, roderic_serpentine_path, minmay_circle_x,
          uniq_terence, uniq_jessica

Skill      XL: |  1  2 |
---------------+-------+-----
Shields        | 3 |  3.1
Armour         | 3 |  3.2
Axes           | 2 |  2.5
Fighting       | |  3.3
Dodging        | |  0.6
Stealth        | |  0.2

Action                   |  1- 3 |  4- 6 || total
-------------------------+-------+-------++-------
Melee: War axe           |   101 |    12 ||   113
Invok: Lunge             |     2 |     2 ||     4
  Use: Scroll            |     2 |       ||     2
       Potion            |     1 |       ||     1
Armor: Scale mail        |    86 |       ||    86
       Chain mail        |       |     1 ||     1
Dodge: Dodged            |    65 |     5 ||    70
Block: Buckler           |    28 |     2 ||    30

Table legend: (Time is in decaauts)
 A = Elapsed time spent in this place.
 B = Non-inter-level travel time spent in this place.
 C = Inter-level travel time spent in this place.
 D = Time resting spent in this place.
 E = Time spent auto-exploring this place.
 F = Levels seen in this place.
 G = Mean time per level.
                   A        B        C        D        E       F      G
               +--------+--------+--------+--------+--------+-----+--------+
         Total |   1862 |   1836 |     26 |      0 |   1181 |   3 |  620.7 |
       Dungeon |   1862 |   1836 |     26 |      0 |   1181 |   3 |  620.7 |
               +--------+--------+--------+--------+--------+-----+--------+

Top non-repeatable levels by time:
     D:1: 1256 daAuts
     D:2: 499 daAuts
     D:3: 105 daAuts
